 Dungeon Crawl Stone Soup version 0.23-a0-404-g0063841 (webtiles) character file.

3 CanOfBees the Caller (level 1, 0/10 HPs)
             Began as a Tengu Summoner on Nov 5, 2018.
             Slain by a jackal (1 damage)
             ... on level 1 of the Dungeon.
             The game lasted 00:00:54 (350 turns).

CanOfBees the Caller (Tengu Summoner)                Turns: 350, Time: 00:00:55

Health: 0/10       AC:  2    Str:  8    XL:     1   Next: 50%
Magic:  1/4        EV:  9    Int: 15    God:
Gold:   38         SH:  0    Dex: 14    Spells: 3/4 levels left

rFire    . . .     SeeInvis .   i - +0 short sword
rCold    . . .     Gourm    .   (no shield)
rNeg     . . .     Faith    .   a - +0 robe
rPois    .         Spirit   .   (helmet restricted)
rElec    .         Reflect  .   (no cloak)
rCorr    .         Harm     .   (no gloves)
MR       .....                  (boots unavailable)
Stlth    ++........             (no amulet)
HPRegen  0.03/turn              d - -3 ring of evasion (curse)
MPRegen  0.09/turn              (no ring)

@: no status effects
A: beak, talons 3
a: no special abilities


You were on level 1 of the Dungeon.
You were not hungry.

You visited 1 branch of the dungeon, and saw 1 of its levels.

You collected 38 gold pieces.

Inventory:

Hand Weapons
 i - a +0 short sword (weapon)
Missiles
 b - 7 stones (quivered)
 f - 40 sling bullets
 h - 2 javelins
 j - 15 arrows
Armour
 a - a +0 robe (worn)
Jewellery
 d - a cursed -3 ring of evasion (left hand)
Scrolls
 e - 4 scrolls of identify {unknown}
Potions
 g - a potion of lignification {unknown}
Comestibles
 c - 2 rations
 k - a chunk of flesh


   Skills:
 - Level 2.1 Dodging
 - Level 2.0 Stealth
 * Level 2.1 Spellcasting
 + Level 4.9 Summonings


You had 3 spell levels left.
You knew the following spells:

 Your Spells              Type           Power        Failure   Level  Hunger
a - Summon Small Mammal   Summ           ###.         3%          1    #......

Your spell library contained the following spells:

 Spells                   Type           Power        Failure   Level  Hunger
 Call Imp                 Summ           ###.....     4%          2    ###....
 Call Canine Familiar     Summ           ###.....     9%          3    ###....
 Summon Guardian Golem    Hex/Summ       #.......     24%         3    ###....
 Summon Ice Beast         Ice/Summ       #.......     61%         4    #####..
 Summon Lightning Spire   Summ/Air       #.......     61%         4    #####..


Dungeon Overview and Level Annotations

Branches:
Dungeon (1/15)

Altars:


Innate Abilities, Weirdness & Mutations

You have a beak for a mouth.
You have claws for feet.


Message History

The jackal barely misses you. The jackal barely misses you.
The jackal stops to sniff the ground.
You see here a bat skeleton.
The jackal bites you. The jackal bites you.
* * * LOW HITPOINT WARNING * * *
Casting: Summon Small Mammal (safe; 3% risk of failure)
Confirm with . or Enter, or press ? or * to list all spells.
The jackal bites you.
* * * LOW HITPOINT WARNING * * *
The jackal closely misses you. The jackal barely misses you.
Casting: Summon Small Mammal (safe; 3% risk of failure)
Confirm with . or Enter, or press ? or * to list all spells.
The goblin hits your rat. The jackal closely misses you. The jackal bites you.
* * * LOW HITPOINT WARNING * * *
Casting: Summon Small Mammal (safe; 3% risk of failure)
Confirm with . or Enter, or press ? or * to list all spells.
The jackal bites you.
You die...

.(........##.......## ##.##.#.#
(.........##........# #..#..#.#
..........#..<......###.....#.#
..........#..........##....##.#
..........##.........##....#..#
###.###...÷###.......#.....#.##
##...##......####.........##.#
#.....#....#gg.h###......##..#
#.............rh@r########..##
#.....#...#...r####....†)..##
##...##.............########
######......#..)...#
.....####........# ######
#.........# #............
#..............
#...............


You could see 2 jackals, a hobgoblin, a goblin and 3 friendly rats.

Vanquished Creatures
  A hobgoblin (D:1)
  A kobold (D:1)
  A bat (D:1)
3 creatures vanquished.

Notes
Turn   | Place    | Note
-------+----------+-------------------------------------------
     0 | D:1      | CanOfBees the Tengu Summoner began the quest for the Orb.
     0 | D:1      | Reached XP level 1. HP: 10/10 MP: 4/4
   350 | D:1      | Slain by a jackal

Vault maps used:
D:1:      dpeg_arrival_arbitrary_a, minmay_misc_feat_enclosed

Action                   || total
-------------------------++-------
Melee: Dagger            ||     6
       Kick              ||     3
       Short sword       ||     2
Throw: Stone             ||     7
 Cast: Summon Small Mamm ||     3
Armor: Robe              ||     4
Dodge: Dodged            ||    16

Table legend:
 A = Non-vault XP
 B = Vault XP
 C = Vault XP percentage of total XP
 D = Non-vault monster count
 E = Vault monster count
 F = Vault count percentage of total count
                 A         B        C        D         E       F
            +---------+---------+-------+---------+---------+-------
      Total |       5 |       0 |   0.0 |       3 |       0 |   0.0
            +---------+---------+-------+---------+---------+-------
        D:1 |       5 |       0 |   0.0 |       3 |       0 |   0.0
            +---------+---------+-------+---------+---------+-------
